 Dungeon Crawl Stone Soup version 0.22-a0-880-gb7b0c8b (webtiles) character file.

337 Johnny the Digger (level 6, -2/43 HPs)
             Began as a Human Earth Elementalist on July 30, 2018.
             Slain by an iguana (10 damage)
             ... on level 5 of the Dungeon.
             The game lasted 00:03:58 (3724 turns).

Johnny the Digger (Human Earth Elementalist)        Turns: 3724, Time: 00:03:59

Health: -2/43      AC:  2    Str:  9 (12) XL:     6   Next: 85%
Magic:  6/11       EV: 12    Int: 17 (18) God:
Gold:   181        SH:  4    Dex: 13 (15) Spells: 11/12 levels left

rFire    + . .     SeeInvis .   j - +0 spear
rCold    . . .     Gourm    .   f - +0 buckler
rNeg     . . .     Faith    .   c - +0 robe
rPois    .         Spirit   .   (no helmet)
rElec    .         Reflect  .   (no cloak)
rCorr    .         Harm     .   (no gloves)
MR       .....                  (no boots)
Stlth    +++.......             (no amulet)
HPRegen  0.14/turn              e - ring of stealth
MPRegen  0.12/turn              l - ring of protection from fire

@: no status effects
A: agile 1, strong 2, evolution 1
a: no special abilities


You were on level 5 of the Dungeon.
You were not hungry.

You visited 1 branch of the dungeon, and saw 5 of its levels.

You collected 181 gold pieces.

Inventory:

Hand Weapons
 j - a +0 spear (weapon)
Missiles
 b - 69 stones (quivered)
Armour
 c - a +0 robe (worn)
 f - a +0 buckler (worn)
Jewellery
 e - a ring of stealth (left hand)
 l - a ring of protection from fire (right hand)
 u - a cursed ring of teleportation {unknown}
Scrolls
 a - 3 scrolls of remove curse {unknown}
 g - a scroll of noise {unknown}
 h - 3 scrolls of teleportation {unknown}
 i - 6 scrolls of identify {unknown}
 p - a scroll of enchant armour {unknown}
 q - a scroll of fog {unknown}
 v - a scroll of immolation {unknown}
Potions
 n - a potion of mutation
 o - a potion of lignification
Comestibles
 d - 14 rations


   Skills:
 + Level 1.6 Fighting
 + Level 2.0 Armour
 + Level 2.9 Dodging
 - Level 2.0 Stealth
 + Level 1.8 Shields
 * Level 3.5 Spellcasting
   Level 1.0 Transmutations
 * Level 4.4 Earth Magic


You had 11 spell levels left.
You knew the following spells:

 Your Spells              Type           Power        Failure   Level  Hunger
a - Sandblast             Erth           ###...       3%          1    None

Your spell library contained the following spells:

 Spells                   Type           Power        Failure   Level  Hunger
 Stone Arrow              Conj/Erth      ##....       26%         3    ###....
 Passwall                 Tmut/Erth      ##......     11%         2    ##.....
 Lee's Rapid Deconstruct  Erth           ###.......   67%         5    ######.
 Petrify                  Tmut/Erth      ##......     56%         4    ####...


Dungeon Overview and Level Annotations

Branches:
Dungeon (5/15)
 Temple: D:4-7

Altars:
Ashenzari
Dithmenos
Ru
Sif Muna
Uskayaw
Wu Jian
Yredelemnul
Zin

Annotations:
D:5 Pikel


Innate Abilities, Weirdness & Mutations

You are agile. (Dex +2)
Your muscles are very strong. (Str +4)
You evolve.


Message History

It was a potion of degeneration.
There was something very wrong with that liquid.
You feel weakened.
You feel dopey.
You feel clumsy. The iguana barely misses you.
It was a potion of cancellation.
Your magical effects are unravelling.
You feel magically purged.
You feel less wooden.
Your +0 robe unmelds from your body.
You feel yourself slow down.
Casting: Sandblast (safe; 3% risk of failure)
Confirm with . or Enter, or press ? or * to list all spells.
Aiming: Sandblast (safe; 3% risk of failure)
Press: ? - help, Shift-Dir - straight line, f/p - iguana
Aim: an iguana (severely wounded)
The blast of sand hits the iguana.
The iguana is almost dead.
b - 69 stones The iguana bites you!
You die...

#.#
#######.#######
..............#
#######.#####.#
##...##
#.....###.##.
##...........
##.#.###....
#.#@# J. #.#l#
##+#K#####.#
#...pp.pp.p#
#%....#######
#......>
#.........
+.........+
#.........#


You could see Pikel, 2 slaves and an iguana.

Vanquished Creatures
  A slave (D:5)
  An ogre (D:4)
  2 howler monkeys (D:4)
  A crimson imp (D:4)
  A hound (D:3)
  A worker ant (D:4)
  An adder (D:2)
  2 worms (D:3)
  2 dart slugs
  4 leopard geckos
  An orc (D:3)
  A giant cockroach (D:2)
  6 goblins
  8 hobgoblins
  4 jackals (D:4)
  A quokka (D:3)
  3 ball pythons
  6 bats
  4 frilled lizards
  2 gnoll zombies (D:4)
  6 kobolds
  A leopard gecko zombie (D:5)
  6 rats
65 creatures vanquished.

Notes
Turn   | Place    | Note
-------+----------+-------------------------------------------
     0 | D:1      | Johnny the Human Earth Elementalist began the quest for the Orb.
     0 | D:1      | Reached XP level 1. HP: 13/13 MP: 3/3
   131 | D:1      | Reached XP level 2. HP: 19/19 MP: 1/5
   797 | D:2      | Reached XP level 3. HP: 25/25 MP: 6/6
   880 | D:2      | Found an ornate altar of the Wu Jian Council.
   944 | D:2      | Found a glowing silver altar of Zin.
  1738 | D:3      | Found a shadowy altar of Dithmenos.
  1747 | D:3      | Reached XP level 4. HP: 23/31 MP: 1/7
  1764 | D:3      | Reached skill level 1 in Armour
  1764 | D:3      | Reached skill level 1 in Shields
  1827 | D:3      | Found a deep blue altar of Sif Muna.
  1852 | D:3      | Found a hide-covered altar of Uskayaw.
  1971 | D:3      | Found a shattered altar of Ashenzari.
  2207 | D:3      | Reached XP level 5. HP: 36/36 MP: 9/9
  2281 | D:3      | Found a sacrificial altar of Ru.
  2431 | D:4      | Noticed an ogre
  2433 | D:4      | Reached skill level 1 in Fighting
  2438 | D:4      | Killed an ogre
  2438 | D:4      | Reached skill level 4 in Earth Magic
  2438 | D:4      | Reached XP level 6. HP: 13/43 MP: 4/10
  2961 | D:4      | Found a basalt altar of Yredelemnul.
  3431 | D:5      | Entered Level 5 of the Dungeon
  3453 | D:5      | Noticed a slave
  3464 | D:5      | Killed a slave
  3707 | D:5      | Noticed Pikel
  3707 | D:5      | Noticed a slave
  3707 | D:5      | Noticed a slave
  3707 | D:5      | Noticed a slave
  3717 | D:5      | Gained mutation: Your muscles are strong. (Str +2) [potion of mutation]
  3717 | D:5      | Gained mutation: You are agile. (Dex +2) [potion of mutation]
  3717 | D:5      | Gained mutation: Your muscles are very strong. (Str +4) [potion of mutation]
  3717 | D:5      | Gained mutation: You evolve. [potion of mutation]
  3717 | D:5      | HP: 2/43 [iguana (3)]
  3724 | D:5      | Slain by an iguana

Vault maps used:
D:1:      mrwooster_arrival_arrow, hex_medium
D:2:      zin_academy, marbit_many_paths, first_ration
D:3:      evilmike_ruin_ashenzari, grunt_dithmenos_smoke_and_mirrors,
          overflow_temple_1_default, hangedman_ru_absence,
          eat_drink_and_be_merry_uskayaw
D:4:      lemuel_zombie_altar_yredelemnul, hangedman_decor_lopped
D:5:      fedhas_altar_1, uniq_eustachio, uniq_sigmund, uniq_pikel

Skill      XL: |  1  2  3  4  5  6 |
---------------+-------------------+-----
Armour         | 1 2 |  2.0
Shields        | 1 |  1.8
Fighting       | 1 |  1.6
Spellcasting   | 3 |  3.5
Earth Magic    | 4 |  4.4
Dodging        | |  2.9
Stealth        | |  2.0
Transmutations | |  1.0

Action                   |  1- 3 |  4- 6 || total
-------------------------+-------+-------++-------
Melee: Unarmed           |     5 |       ||     5
       Spear             |    47 |   111 ||   158
 Cast: Sandblast         |    25 |    43 ||    68
  Use: Potion            |       |     7 ||     7
 Stab: Sleeping          |     3 |     9 ||    12
  Eat: Chunk             |     2 |     7 ||     9
Armor: Robe              |     6 |    22 ||    28
       Skin              |       |     2 ||     2
Dodge: Dodged            |    25 |    78 ||   103
Block: Buckler           |     4 |    25 ||    29

Table legend:
 A = Spawn XP
 B = Non-spawn XP
 C = Spawn XP percentage of total XP
 D = Spawn monster count
 E = Non-spawn monster count
 F = Spawn count percentage of total count
 G = Total turns spent on level
                    A         B        C        D         E        F      G
               +---------+---------+-------+---------+---------+-------+---------
         Total |       0 |     482 |   0.0 |       0 |      64 |   0.0 |  3724
               +---------+---------+-------+---------+---------+-------+---------
           D:1 |       0 |      30 |   0.0 |       0 |      18 |   0.0 |   815
           D:2 |       0 |      31 |   0.0 |       0 |      12 |   0.0 |   923
           D:3 |       0 |      85 |   0.0 |       0 |      20 |   0.0 |   667
           D:4 |       0 |     335 |   0.0 |       0 |      13 |   0.0 |  1026
           D:5 |       0 |       1 |   0.0 |       0 |       1 |   0.0 |   293
               +---------+---------+-------+---------+---------+-------+---------
